Map: 필러스 오브 골드 - 래더

Players

Maru - Winner!

  • Race: Terran Terran
  • Spawn Location: 1:00

INnoVation

  • Race: Terran Terran
  • League: Grandmaster
  • Spawn Location: 7:00

Event: War Chest Team League

VOD

Have the link to the VOD?

Description

Time

  • Played on: July 24, 2020, 8:52 a.m.
  • Length: 20:47
Show
View Real Time Build Order
Export as new Build Order

Maru Terran - Winner!

Build Orders: Mech 

Get SALT Encoding   

  12  0:00  SCV  
  13  0:12  SCV  
  14  0:18  Supply Depot  
  14  0:25  SCV  
  15  0:39  SCV  
  15  0:40  Barracks  
  16  0:45  Refinery  
  16  0:51  SCV  
  16  0:56  Refinery  
  17  1:03  SCV  
  18  1:16  SCV  
  19  1:28  Reaper, Orbital Command  
  19  1:31  Supply Depot  
  20  1:46  Factory  
  20  1:53  SCV  
  21  2:00  Reaper  
  22  2:06  SCV  
  23  2:18  SCV  
  26  2:30  SCV, Hellion  
  27  2:41  Command Center  
  27  2:42  SCV  
  26  2:47  Starport  
  26  2:48  Barracks Reactor  
  26  2:53  Hellion  
  26  2:55  SCV  
  29  3:01  Supply Depot  
  29  3:07  SCV  
  30  3:17  Factory Tech Lab  
  30  3:19  SCV  
  31  3:29  Marine x2  
  31  3:31  SCV  
  31  3:33  Fusion Core  
  33  3:43  SCV  
  34  3:50  Cyclone, Refinery  
  37  3:55  SCV  
  37  4:00  Orbital Command  
  38  4:08  SCV, Starport Tech Lab  
  39  4:20  SCV  
  40  4:27  SCV  
  41  4:31  Battlecruiser  
  41  4:32  SCV  
  41  4:35  Marine x2  
  47  4:39  SCV  
  47  4:44  SCV  
  49  4:46  Siege Tank  
  49  4:51  SCV  
  49  4:52  Supply Depot  
  53  4:53  Marine  
  54  5:01  Refinery  
  54  5:04  SCV  
  54  5:05  Marine  
  54  5:10  SCV  
  54  5:12  Marine  
  53  5:16  SCV  
  47  5:22  SCV  
  47  5:23  Marine  
  47  5:36  Battlecruiser  
  47  5:37  SCV x2  
  56  5:44  Siege Tank  
  56  5:48  Supply Depot  
  56  5:49  SCV  
  58  5:51  SCV  
  59  5:58  Command Center  
  59  6:02  SCV  
  60  6:07  SCV  
  60  6:10  Weapon Refit  
  61  6:14  SCV  
  65  6:18  Cyclone  
  65  6:20  Mag-Field Accelerator  
  65  6:21  SCV  
  66  6:26  SCV  
  66  6:31  Engineering Bay  
  66  6:33  SCV  
  66  6:38  SCV  
  68  6:45  SCV  
  69  6:50  SCV  
  69  6:59  Missile Turret  
  69  7:01  Supply Depot x2  
  69  7:09  SCV  
  69  7:10  Battlecruiser, Siege Tank  
  69  7:11  SCV  
  69  7:13  Factory  
  80  7:15  Orbital Command  
  80  7:22  SCV  
  80  7:30  SCV, Missile Turret  
  80  7:34  SCV, Barracks Tech Lab  
  82  7:37  Factory  
  82  7:42  Siege Tank  
  85  7:50  SCV  
  86  7:53  SCV  
  87  7:59  Hellion x2  
  87  8:02  Orbital Command  
  87  8:05  SCV, Supply Depot  
  91  8:07  Supply Depot  
  91  8:12  SCV  
  93  8:14  Siege Tank  
  93  8:18  SCV  
  97  8:24  SCV  
  97  8:25  Missile Turret  
  97  8:26  Missile Turret  
  98  8:28  Missile Turret  
  98  8:29  SCV  
  98  8:30  SCV  
  98  8:33  Orbital Command  
  100  8:36  SCV  
  100  8:38  Cyclone  
  100  8:39  Hellion x2  
  108  8:45  Missile Turret  
  108  8:46  SCV, Missile Turret  
  109  8:50  SCV  
  110  8:57  Refinery  
  110  8:58  SCV, Refinery  
  110  9:00  Supply Depot  
  110  9:02  SCV  
  112  9:07  Cyclone  
  112  9:08  Hellion  
  117  9:13  Supply Depot x2  
  117  9:21  Cyclone  
  117  9:22  Hellion  
  122  9:27  SCV  
  122  9:29  Hellion  
  121  9:33  Missile Turret  
  121  9:36  SCV, Supply Depot  
  120  9:38  SCV  
  120  9:39  Cyclone  
  120  9:40  SCV  
  125  9:45  Armory x2  
  125  9:48  SCV  
  125  9:50  SCV  
  127  9:54  Armory, Cyclone  
  127  9:55  Armory  
  130  10:04  Battlecruiser  
  130  10:11  SCV  
  131  10:16  Siege Tank  
  134  10:23  Supply Depot  
  134  10:26  Siege Tank  
  137  10:31  Factory  
  137  10:32  Factory  
  137  10:38  Infernal Pre-Igniter  
  133  10:42  Terran Vehicle Weapons Level 1  
  133  10:43  Terran Vehicle And Ship Armor Level 1  
  133  10:46  Terran Ship Weapons Level 1  
  133  10:48  Hellion, Siege Tank  
  133  10:49  Hellion  
  136  10:51  SCV x2  
  138  10:58  Command Center, Siege Tank  
  141  11:10  Battlecruiser  
  147  11:17  Factory Reactor, Factory Tech Lab  
  147  11:21  Command Center  
  147  11:22  Sensor Tower  
  147  11:25  Hellion x2  
  151  11:28  Supply Depot  
  151  11:36  Cyclone, Command Center  
  151  11:37  Cyclone  
  157  11:40  Supply Depot x2  
  157  11:50  Cyclone  
  157  11:53  Factory  
  160  11:59  Hellion, Factory  
  160  12:00  Hellion  
  164  12:02  Hellion x2  
  166  12:14  Cyclone x2  
  170  12:19  SCV x3  
  170  12:21  Hellion x2  
  170  12:22  Cyclone  
  180  12:29  Missile Turret  
  180  12:33  Missile Turret, Refinery  
  180  12:34  Missile Turret  
  180  12:35  Refinery  
  180  12:46  Cyclone x2  
  173  12:54  Cyclone, Orbital Command, Terran Vehicle Weapons Level 2  
  164  13:00  SCV  
  164  13:03  Hellion  
  164  13:04  Hellion, Factory Tech Lab  
  164  13:05  SCV  
  152  13:07  SCV  
  152  13:12  SCV  
  151  13:15  Terran Vehicle And Ship Armor Level 2  
  151  13:17  SCV, Factory Tech Lab  
  151  13:18  Cyclone x2  
  159  13:20  SCV  
  159  13:24  SCV  
  160  13:28  Hellion, Siege Tank x2  
  160  13:29  SCV, Hellion  
  160  13:32  SCV  
  172  13:42  SCV, Hellion x2, Siege Tank  
  172  13:43  SCV  
  172  13:44  SCV, Refinery  
  182  13:50  Hellion, Siege Tank  
  187  13:58  Siege Tank  
  184  14:15  Hellion, Siege Tank x2  
  171  14:21  Siege Tank  
  171  14:22  Hellion, Siege Tank  
  164  14:27  Hellion x2  
  164  14:30  Cyclone  
  171  14:33  Command Center  
  171  14:47  Hellion x2, Cyclone x2  
  181  14:53  Cyclone  
  181  14:54  Cyclone, Orbital Command  
  181  14:55  Battlecruiser  
  187  15:00  Orbital Command  
  187  15:03  Cyclone  
  190  15:16  SCV x2  
  190  15:17  SCV, Supply Depot  
  193  15:22  Hellion  
  195  15:32  Sensor Tower  
  195  15:38  SCV x2, Cyclone  
  200  15:45  Sensor Tower  
  200  15:51  Cyclone  
  200  15:52  SCV x2  
  190  15:59  Cyclone  
  181  16:05  Cyclone x2  
  181  16:06  Hellion  
  181  16:10  Cyclone  
  174  16:15  SCV x3  
  174  16:19  Hellion x2  
  174  16:20  Missile Turret  
  174  16:22  Battlecruiser  
  174  16:23  Cyclone  
  187  16:27  Terran Vehicle Weapons Level 3  
  187  16:30  Hellion  
  187  16:31  Hellion, Cyclone  
  194  16:34  Refinery x2  
  194  16:37  Cyclone x2  
  200  16:40  Missile Turret  
  200  17:00  Terran Vehicle And Ship Armor Level 3  
  200  17:08  Terran Ship Weapons Level 2  
  198  17:17  Hellion  
  195  17:24  Missile Turret  
  195  17:26  Hellion, Cyclone x3  
  195  17:29  Battlecruiser  
  189  17:38  Cyclone x2  
  189  17:39  Hellion x2  
  197  17:47  Command Center  
  194  17:58  Cyclone x2  
  182  18:07  Orbital Command  
  182  18:12  Cyclone x2  
  187  18:32  Cyclone  
  188  18:40  Cyclone  
  179  18:53  Cyclone x2  
  179  18:54  Hellion  
  187  18:59  Cyclone  
  184  19:12  Hellion x2, Cyclone  
  182  19:20  Hellion, Cyclone  
  182  19:21  Hellion  
  186  19:26  Hellion  
  188  19:33  Command Center, Refinery  
  188  19:35  Siege Tank  
  188  19:36  Hellion  
  182  19:40  Siege Tank  
  182  19:41  Hellion  
  182  19:42  Hellion x2  
  185  19:53  Cyclone  
  185  19:54  Hellion, Cyclone  
  185  19:59  Hellion  
  195  20:05  Planetary Fortress  
  137  20:31  SCV x3  
Show
View Real Time Build Order
Export as new Build Order

INnoVation Terran 

Build Orders: Reaper Expand, Mech 

Get SALT Encoding   

  12  0:00  SCV  
  13  0:13  SCV  
  14  0:18  Supply Depot  
  14  0:25  SCV  
  15  0:39  SCV  
  15  0:41  Barracks  
  16  0:44  Refinery  
  16  0:51  SCV  
  17  1:03  SCV  
  18  1:15  SCV  
  19  1:27  Orbital Command  
  19  1:28  Reaper  
  20  1:45  Command Center  
  20  1:53  Supply Depot  
  20  1:57  SCV  
  20  1:59  Marine  
  22  2:09  SCV  
  22  2:13  Factory  
  23  2:19  Refinery  
  23  2:21  Barracks Reactor  
  23  2:23  SCV  
  23  2:35  SCV  
  24  2:48  SCV  
  25  2:56  Hellion  
  25  2:57  Starport  
  25  2:58  Marine x2  
  29  3:00  SCV  
  30  3:07  Orbital Command  
  30  3:12  SCV  
  31  3:19  Factory Tech Lab  
  31  3:22  Marine x2  
  31  3:24  SCV  
  34  3:35  SCV, Starport Tech Lab  
  34  3:36  SCV  
  34  3:40  Marine x2  
  38  3:43  Cyclone  
  38  3:45  Supply Depot  
  40  3:51  SCV x2  
  42  3:55  Raven  
  42  3:58  Marine x2  
  46  4:04  Supply Depot  
  46  4:06  SCV x2  
  48  4:17  Marine x2  
  48  4:19  SCV x2  
  48  4:22  Supply Depot  
  52  4:26  Siege Tank  
  52  4:31  SCV x2  
  57  4:40  Refinery  
  57  4:41  Mag-Field Accelerator, Refinery  
  57  4:43  SCV x2  
  59  4:52  Supply Depot  
  57  4:55  SCV x2  
  57  4:57  Viking  
  61  5:07  SCV x2  
  61  5:08  Cyclone  
  61  5:13  Marine  
  64  5:19  SCV x2  
  66  5:22  Viking  
  64  5:28  Command Center  
  64  5:31  Viking, SCV x2, Marine  
  69  5:40  Cyclone  
  72  5:43  SCV x2  
  72  5:47  Supply Depot  
  72  5:49  Supply Depot  
  74  5:56  Viking  
  76  6:00  SCV  
  76  6:01  SCV  
  78  6:08  Viking  
  78  6:09  Marine  
  81  6:13  Cyclone  
  81  6:14  Supply Depot  
  81  6:16  SCV x2  
  86  6:34  SCV x2, Viking  
  86  6:38  Viking  
  86  6:39  Supply Depot  
  91  6:42  Factory  
  91  6:43  Factory  
  90  6:47  SCV x2  
  92  6:54  Cyclone  
  92  6:55  Barracks Reactor  
  92  6:57  SCV  
  96  7:05  SCV  
  96  7:08  Viking x2  
  96  7:09  SCV  
  96  7:14  Supply Depot  
  101  7:17  SCV, Refinery  
  101  7:19  Armory x2, Refinery  
  101  7:21  SCV  
  101  7:22  Orbital Command  
  104  7:30  SCV  
  104  7:33  SCV, Cyclone  
  108  7:39  Viking x2  
  108  7:41  Hellion x2  
  116  7:46  SCV x2  
  116  7:48  SCV  
  108  7:58  SCV x2  
  108  8:00  SCV  
  108  8:04  Cyclone  
  111  8:06  Cyclone  
  111  8:10  SCV x2  
  111  8:11  Terran Vehicle Weapons Level 1, Terran Vehicle And Ship Armor Level 1  
  111  8:12  SCV  
  119  8:20  Viking, Hellion x2  
  119  8:21  Viking  
  119  8:22  SCV x2  
  119  8:24  SCV  
  127  8:32  Supply Depot x2  
  127  8:33  Supply Depot  
  127  8:34  SCV  
  127  8:38  Cyclone  
  131  8:43  Cyclone  
  133  8:53  Viking  
  133  8:54  Viking  
  128  8:56  SCV x3  
  128  8:59  Barracks Reactor  
  128  9:01  Factory  
  131  9:03  Factory  
  131  9:06  Engineering Bay  
  131  9:08  SCV x3, Command Center  
  134  9:13  Cyclone  
  137  9:17  Hellion x2  
  137  9:19  Cyclone  
  140  9:35  Viking  
  140  9:36  Viking  
  141  9:45  Hellion x2, Cyclone  
  148  9:46  SCV x3  
  148  9:47  Factory Tech Lab  
  148  9:51  Cyclone  
  142  10:00  SCV  
  142  10:01  SCV x2  
  143  10:13  SCV x3  
  146  10:18  Cyclone  
  146  10:19  Cyclone  
  146  10:20  Planetary Fortress  
  152  10:23  Cyclone, Refinery  
  152  10:24  Refinery  
  152  10:25  SCV x3  
  152  10:28  Supply Depot x2  
  158  10:29  Supply Depot  
  158  10:34  Infernal Pre-Igniter  
  157  10:37  SCV x3, Viking x2  
  157  10:38  Smart Servos  
  164  10:49  SCV x3  
  167  11:01  Factory x2, Siege Tank x2  
  167  11:02  SCV, Factory  
  167  11:04  Supply Depot x2, Siege Tank  
  177  11:13  Hellion  
  177  11:14  Hellion x3  
  185  11:26  Command Center  
  185  11:27  Terran Vehicle Weapons Level 2, Terran Vehicle And Ship Armor Level 2  
  185  11:29  Viking x2  
  187  11:39  Cyclone x2  
  193  11:40  Cyclone  
  193  11:43  Hellion x2  
  200  11:49  Factory Tech Lab  
  200  11:50  Factory Tech Lab  
  200  11:51  Factory Reactor  
  200  12:06  Sensor Tower  
  198  12:12  Refinery  
  198  12:13  Refinery  
  198  12:17  Viking  
  200  12:24  Command Center  
  200  12:26  Command Center  
  198  12:33  Command Center  
  198  12:48  Cyclone x3  
  193  13:00  Cyclone x2  
  193  13:02  Hellion x3  
  193  13:12  Viking x2  
  183  13:15  Planetary Fortress  
  183  13:16  SCV  
  183  13:17  SCV x3  
  181  13:20  Cyclone x2  
  181  13:22  Cyclone  
  188  13:28  SCV  
  188  13:32  Cyclone x2  
  195  13:38  SCV x2  
  195  13:39  SCV  
  198  13:45  Planetary Fortress  
  198  13:47  Missile Turret  
  198  13:51  Terran Vehicle Weapons Level 3, Terran Vehicle And Ship Armor Level 3  
  198  14:08  Cyclone x3  
  200  14:10  Hellion  
  159  14:18  Cyclone x2  
  159  14:20  Hellion x5  
  159  14:22  Viking  
  154  14:26  Viking  
  156  14:34  SCV x3  
  156  14:35  Orbital Command  
  150  14:40  Cyclone x3  
  150  14:41  Orbital Command  
  150  14:48  Hellbat  
  150  14:50  Cyclone x2  
  157  14:57  Orbital Command, Liberator x2  
  158  15:00  SCV x3  
  158  15:01  SCV  
  162  15:12  SCV x4, Cyclone  
  162  15:13  SCV x2  
  171  15:20  Siege Tank  
  171  15:21  Cyclone  
  177  15:22  Cyclone  
  177  15:24  SCV  
  181  15:34  SCV  
  181  15:35  SCV x5  
  187  15:40  Liberator x2  
  187  15:42  Cyclone  
  196  15:44  Cyclone  
  200  15:55  SCV x4  
  195  15:57  Cyclone x2  
  195  15:58  Sensor Tower  
  195  16:00  Cyclone  
  187  16:12  SCV x2  
  187  16:16  Cyclone  
  192  16:19  Command Center  
  192  16:23  Liberator x2  
  190  16:29  Cyclone, Siege Tank  
  196  16:35  Fusion Core, Factory  
  196  16:38  Orbital Command  
  196  17:02  Cyclone  
  196  17:07  Hellion x2  
  196  17:08  Cyclone  
  192  17:15  Liberator x2  
  192  17:18  Cyclone  
  192  17:19  Cyclone  
  199  17:29  Cyclone  
  187  17:34  Hellion x2, Cyclone  
  187  17:36  Planetary Fortress  
  194  17:37  Missile Turret  
  194  17:38  Missile Turret  
  194  17:40  Cyclone  
  197  17:46  Hellion  
  197  17:47  Hellion  
  173  17:58  Viking x2  
  173  17:59  Cyclone x2  
  173  18:01  Cyclone  
  173  18:04  Hellion x4  
  185  18:06  Cyclone  
  185  18:10  Advanced Ballistics  
  185  18:12  Cyclone, Command Center  
  191  18:19  Terran Ship Weapons Level 1  
  185  18:28  Viking x2  
  185  18:31  Cyclone x2  
  185  18:33  Cyclone  
  181  18:36  Hellion x4  
  181  18:38  Cyclone  
  190  18:44  Cyclone  
  185  18:51  Hellion x2  
  187  18:58  Liberator x2  
  190  19:03  Cyclone x2  
  190  19:05  Cyclone  
  187  19:19  Cyclone x2  
  187  19:21  Hellion x3  
  187  19:22  Hellion x2  
  191  19:29  Refinery  
  191  19:31  Planetary Fortress  
  191  19:32  SCV  
  191  19:33  SCV x4  
  191  19:35  Cyclone, Refinery  
  191  19:36  Refinery x2  
  191  19:37  Cyclone  
  199  19:41  Viking x2  
  199  19:45  SCV x2  
  187  20:14  Command Center  
  191  20:23  Hellion x2  
  191  20:24  Hellion  
Tags
 
Add a new tag
Caveats
  • Supply blocks, unpowered buildings, or Contaminate may cause inaccurate times.
  • Supply counts are checked every 10 seconds.